AoeStats
← crypto_zhupel

Arabia

506043228Analyzed
1v1 RM · 19d ago on Sep 12, 2026· 40m 23s· 2 players
Game mode
Random Map
Map size
Tiny (2 player)
Population
200
Speed
Normal
Resources
Standard
Victory
Conquest
Starting age
Dark Age
Ending age
Imperial Age
RankedLock teamsTeams togetherTeam positionsShared explorationLock speedFull tech treeHidden civsTurbo modeCheats
Victory
Defeat
🇹🇼 Poles · Taiwan
1344
+15
🇷🇺 Bulgarians · Russia
1333
-15
crypto_zhupel
6:10 Loom
8:55 Feudal Age
11:52 Double-Bit Axe
14:39 Scale Barding Armor
17:26 Wheelbarrow
21:32 Castle Age
22:42 Bow Saw
22:13 Horse Collar
23:13 Chain Barding Armor
22:58 Heavy Plow
23:26 Husbandry
25:19 Town Watch
30:26 Forging
30:42 Ballistics
36:43 Iron Casting
38:55 Hand Cart
asd911s
6:39 Loom
9:34 Feudal Age
11:05 Double-Bit Axe
11:46 Horse Collar
19:58 Castle Age
18:14 Gold Mining
19:46 Fletching
20:42 Bodkin Arrow
21:21 Bow Saw
21:12 Heavy Plow
21:34 Husbandry
22:15 Stone Mining
23:22 Bloodlines
28:43 Ballistics
29:24 Fervor
29:54 Wheelbarrow
29:04 Town Watch
31:15 Hand Cart
31:13 Thumb Ring
36:13 Imperial Age
34:23 Padded Archer Armor
33:51 Light Cavalry
34:58 Forging
34:53 Scale Barding Armor
36:30 Iron Casting
36:17 Winged Hussar
37:21 Chain Barding Armor
36:27 Heavy Cavalry Archer
37:31 Conscription
37:43 Crop Rotation
39:00 Chemistry
38:37 Bracer
39:41 Blast Furnace
39:45 Lechitic Legacy
Connection lost

Rejoining the realm…

Still unreachable

The connection could not be restored.

Session expired

The server has moved on; the page needs a fresh start.